 Dungeon Crawl Stone Soup version 0.18.1-5-g4a78601 (webtiles) character file.

10390 GodzillaBlitz the Severer (level 11, -2/102 HPs)
             Began as a Hill Orc Gladiator on May 14, 2016.
             Was an Initiate of Gozag.
             Slain by Snorg (12 damage)
             ... on level 11 of the Dungeon.
             The game lasted 00:56:54 (16787 turns).

GodzillaBlitz the Severer (Hill Orc Gladiator)     Turns: 16787, Time: 00:56:55

Health: -2/102     AC: 12    Str: 19    XL:     11   Next: 61%
Magic:  11/11      EV: 11    Int:  8    God:    Gozag
Gold:   226        SH: 10    Dex: 14    Spells: 0 memorised, 10 levels left

rFire  + . .     SeeInvis .     a - +1 war axe
rCold  . . .     Gourm    .     M - +2 scale mail {rF+}
rNeg   . . .     Faith    .     K - +0 buckler
rPois  .         Spirit   .     c - +0 helmet
rElec  .         Dismiss  .     x - +1 cloak
rCorr  .         Reflect  +     (no gloves)
SustAt .         Harm     .     (no boots)
MR     +....                    s - +5 amulet of reflection
Stlth  ..........               (no ring)
                                G - ring of protection from magic

@: gold aura, very slightly contaminated, hasted, very quick, somewhat resistant
to hostile enchantments, extremely unstealthy
A: no striking features
a: Potion Petition, Call Merchant, Bribe Branch, Renounce Religion


You were on level 11 of the Dungeon.
You worshipped Gozag.
Gozag was noncommittal.
You were not hungry.

You visited 3 branches of the dungeon, and saw 13 of its levels.

You collected 2558 gold pieces.
You spent 693 gold pieces at shops.
You paid 1639 gold pieces to Gozag.

Inventory:

Hand Weapons
 a - a +1 war axe (weapon)
 I - a +1 hand axe
 R - a +2 whip of electrocution
Missiles
 d - 12 tomahawks
 n - 291 stones
 y - a throwing net (quivered)
 F - 9 poisoned needles
 P - 5 javelins of returning
Armour
 b - a +0 leather armour
 c - a +0 helmet (worn)
 k - a +0 ring mail
 v - a +0 chain mail
 x - a +1 cloak (worn)
 K - a +0 buckler (worn)
 M - a +2 scale mail of fire resistance (worn)
 V - a +0 plate armour
Jewellery
 s - a +5 amulet of reflection (around neck)
 G - a ring of protection from magic (left hand)
Wands
 p - a wand of teleportation (2/9)
 t - a wand of disintegration (6/24)
 u - a wand of teleportation (5/9)
 A - a wand of lightning (4/15)
 H - a wand of digging (8/24)
 S - a wand of acid (7/15)
 T - a wand of digging (14/24)
 X - a wand of disintegration (13/24)
Scrolls
 i - 2 scrolls of remove curse
 o - 2 scrolls of magic mapping
 r - a scroll of teleportation
 E - 2 scrolls of immolation
 J - a scroll of recharging
 L - a scroll of enchant weapon
 Q - a scroll of amnesia
Potions
 e - a potion of beneficial mutation {unknown}
 g - a potion of haste
 h - 8 potions of curing
 j - 3 potions of brilliance
 l - 2 potions of lignification
 m - 5 potions of flight
 q - 2 potions of cancellation
 w - 2 potions of heal wounds
 B - 2 potions of resistance {unknown}
 D - a potion of might {unknown}
 U - a potion of cure mutation {unknown}
Books
 C - a book of Debilitation

   Spells                             Type                      Level
   a - Corona                         Hexes                        1
   b - Slow                           Hexes                        2
   c - Gell's Gravitas                Hexes/Translocation          3
   d - Inner Flame                    Hexes/Fire                   3
   e - Cause Fear                     Hexes                        4
   f - Leda's Liquefaction            Hexes/Earth                  4
 Z - a book of Power

   Spells                             Type                      Level
   a - Fulminant Prism                Conjuration/Hexes            4
   b - Iskenderun's Mystic Blast      Conjuration                  4
   c - Venom Bolt                     Conjuration/Poison           5
   d - Bolt of Magma                  Conjuration/Fire/Earth       5
   e - Iron Shot                      Conjuration/Earth            6
   f - Orb of Destruction             Conjuration                  7
   g - Spellforged Servitor           Conjuration/Summoning        7
Comestibles
 f - 10 bread rations
 z - 3 meat rations


   Skills:
 + Level 11.4 Fighting
 * Level 16.9 Axes
 - Level 1.7 Throwing
 * Level 3.4 Armour
 + Level 3.1 Dodging
 - Level 6.0 Shields


You had 10 spell levels left.
You didn't know any spells.

Dungeon Overview and Level Annotations

Branches:
Dungeon (11/15)            Temple (1/1) D:5            Lair (1/8) D:9
    Orc: D:9-12

Altars:
Ashenzari
Cheibriados
Dithmenos
Elyvilon
Fedhas
Gozag
Kikubaaqudgha
Makhleb
Nemelex Xobeh
Okawaru
Pakellas
Qazlal
Ru
Sif Muna
Trog
Vehumet
Xom
Yredelemnul
Zin
The Shining One

Shops:
D:6 %   D:8 (   D:9 (

Annotations:
D:3 exclusion: oklob plant
D:11 Snorg
Lair:1 Fannar


Message History

You closely miss Snorg.
Snorg is severely wounded.
Snorg is distracted by the nearby gold.
You closely miss Snorg.
Snorg is no longer distracted by gold.
Snorg shouts!
Snorg is severely wounded.
The orc priest threatens, "By the altar or by the axe, you will meet Beogh!"
You closely miss Snorg.
Snorg is severely wounded.
Snorg bites you.
* * * LOW HITPOINT WARNING * * *
You block Snorg's attack. Snorg claws you but does no damage.
You see here a club.
Read which item? (? for menu, Esc to quit)
As you read the scroll of fear, it crumbles to dust.
You assume a fearsome visage.
The orc priest looks frightened!
Snorg bites you!
* * * LOW HITPOINT WARNING * * *
Snorg claws you!
You die...
Your body crumbles into a pile of gold.

#..#.........#.# #.#
#..#..#....#.#.# ##.#
###..#..##.#.#.#.# #..#
#....<.......#.#.###.###.#
#.#..#.###.......<)......#
#.#............#......####
#.#..#.#######.#####..#
...###.#o.#o#######.# #..#
#.o.T/....#.$T@[....#
#....
..##.###..###########
#.##.# #..# #<# ## #..# .#
...# ##.# .# ..


You could see Snorg (berserk) and an orc priest (fleeing).

Vanquished Creatures
  The ghost of Hildebrand the Cleaver, a novice MiBe of Trog (D:6)
  2 hill giants
  A spiny frog (Lair:1)
  A rime drake (Lair:1)
  2 trolls
  12 yaks
  2 hippogriffs
  2 hungry ghosts (D:7)
  A water moccasin (Lair:1)
  3 orc warriors
  3 ice beasts
  A sky beast (D:11)
  2 phantoms
  3 necrophages
  10 ogres
  2 wolves (Lair:1)
  2 centaurs
  A crocodile (D:10)
  A big kobold (D:7)
  13 giant frogs
  A wyvern skeleton (D:10)
  3 scorpions
  9 wights
  6 killer bees (D:9)
  3 howler monkeys
  A giant frog skeleton (D:5)
  5 jellies
  7 orc priests
  2 centaur skeletons
  4 hounds
  6 iguanas
  8 orc wizards
  2 worker ants
  A killer bee zombie (D:5)
  2 hound skeletons
  17 adders
  7 gnolls
  2 howler monkey skeletons
  5 river rats (Lair:1)
  4 shadow imps
  2 oozes
  3 adder zombies
  2 adder skeletons
  A worm (D:2)
  11 giant geckos
  41 orcs
  11 bats
  6 giant cockroaches
  11 goblins
  8 hobgoblins
  9 jackals
  3 quokkas
  A giant gecko skeleton (D:5)
  7 giant newts
  6 kobolds
  An orc zombie (D:6)
  A quokka zombie (D:7)
  9 rats
  3 fungi
  2 plants (D:3)
298 creatures vanquished.

Vanquished Creatures (others)
  2 fungi (D:3)
  A plant (Lair:1)
3 creatures vanquished.

Grand Total: 301 creatures vanquished

Notes
Turn   | Place    | Note
--------------------------------------------------------------
     0 | D:1      | GodzillaBlitz the Hill Orc Gladiator began the quest for the Orb.
     0 | D:1      | Reached XP level 1. HP: 18/18 MP: 1/1
   150 | D:1      | Reached XP level 2. HP: 15/25 MP: 2/2
   590 | D:1      | Reached skill level 5 in Axes
   817 | D:1      | Reached XP level 3. HP: 30/30 MP: 3/3
  1485 | D:2      | Found an opulent altar of Gozag.
  1514 | D:2      | Became a worshipper of Gozag Ym Sagoz the Greedy
  1554 | D:2      | Reached XP level 4. HP: 36/38 MP: 4/4
  1562 | D:2      | Reached skill level 6 in Axes
  1794 | D:2      | Found a shimmering altar of Xom.
  1794 | D:2      | Found an oddly glowing altar of Pakellas.
  2569 | D:3      | Reached XP level 5. HP: 46/46 MP: 5/5
  3187 | D:3      | Found a blossoming altar of Fedhas.
  3208 | D:3      | Noticed an oklob plant
  3474 | D:3      | Found a sacrificial altar of Ru.
  4030 | D:3      | Reached skill level 7 in Axes
  4281 | D:4      | Noticed an ogre
  4305 | D:4      | Killed an ogre
  4305 | D:4      | Reached XP level 6. HP: 53/53 MP: 6/6
  4420 | D:4      | Reached skill level 8 in Axes
  4466 | D:4      | Reached skill level 5 in Fighting
  5057 | D:4      | Reached XP level 7. HP: 53/61 MP: 7/7
  5169 | D:4      | Reached skill level 9 in Axes
  5884 | D:5      | Entered Level 5 of the Dungeon
  6116 | D:5      | Found a staircase to the Ecumenical Temple.
  6122 | Temple   | Entered the Ecumenical Temple
  6387 | D:5      | Reached skill level 10 in Axes
  6601 | D:5      | Reached XP level 8. HP: 61/70 MP: 8/8
  7240 | D:5      | Reached skill level 11 in Axes
  7674 | D:6      | Noticed Hildebrand's ghost (novice MiBe)
  8210 | D:6      | Bought a beef jerky for 21 gold pieces
  8210 | D:6      | Bought a beef jerky for 21 gold pieces
  8210 | D:6      | Bought a slice of pizza for 21 gold pieces
  8614 | D:6      | Reached skill level 12 in Axes
  8715 | D:7      | Reached XP level 9. HP: 52/81 MP: 9/9
  9299 | D:7      | Reached skill level 13 in Axes
  9942 | D:7      | Found a shadowy altar of Dithmenos.
 10319 | D:8      | Found an iron altar of Okawaru.
 10412 | D:8      | Noticed a hill giant
 10807 | D:8      | Reached skill level 1 in Shields
 10909 | D:8      | Reached skill level 14 in Axes
 11085 | D:8      | Killed a hill giant
 11085 | D:8      | Reached XP level 10. HP: 40/93 MP: 10/10
 11518 | D:8      | Found Foman's Antique Weapon Shop.
 11861 | D:8      | Reached skill level 10 in Fighting
 12339 | D:9      | Found a staircase to the Lair.
 12455 | D:9      | Found a shattered altar of Ashenzari.
 12594 | D:9      | Reached skill level 15 in Axes
 12600 | D:9      | Got a pitted scale mail
 12611 | D:9      | Identified the +0 scale mail "Jiosoe" {rF+ Str+3 Int+4 Slay-5} (You found it on level 9 of the Dungeon)
 12940 | D:9      | Found an ancient bone altar of Kikubaaqudgha.
 13585 | D:10     | Entered Level 10 of the Dungeon
 13817 | D:9      | Reached skill level 5 in Shields
 14104 | D:10     | Reached XP level 11. HP: 101/101 MP: 11/11
 14210 | D:10     | Reached skill level 16 in Axes
 14217 | D:10     | Noticed a hill giant
 14268 | D:10     | Killed a hill giant
 15294 | D:6      | Bought a bread ration for 70 gold pieces
 15294 | D:6      | Bought a bread ration for 70 gold pieces
 15294 | D:6      | Bought a bread ration for 70 gold pieces
 15294 | D:6      | Bought a meat ration for 70 gold pieces
 15294 | D:6      | Bought a bread ration for 70 gold pieces
 15294 | D:6      | Bought a meat ration for 70 gold pieces
 15294 | D:6      | Bought a bread ration for 70 gold pieces
 15294 | D:6      | Bought a meat ration for 70 gold pieces
 15294 | D:6      | Bought a bread ration for 70 gold pieces
 15385 | D:6      | Killed Hildebrand's ghost
 15385 | D:6      | Reached skill level 1 in Armour
 15590 | Lair:1   | Entered Level 1 of the Lair of Beasts
 15986 | Lair:1   | Noticed a five-headed hydra
 16125 | Lair:1   | Noticed Fannar
 16750 | D:11     | Noticed Snorg
 16787 | D:11     | Slain by Snorg

Skill      XL: |  1  2  3  4  5  6  7  8  9 10 11 |
---------------+----------------------------------+-----
Axes           | 5 6 7 8 10 12 14 15 16 | 16.9
Fighting       | 3 4 5 6 7 9 10 11 | 11.4
Shields        | 2 5 6 |  6.0
Armour         | 3 |  3.4
Dodging        | 3 |  3.1
Throwing       | |  1.7

Action                   |  1- 3 |  4- 6 |  7- 9 | 10-12 || total
-------------------------+-------+-------+-------+-------++-------
Melee: War axe           |   117 |   221 |   424 |   442 ||  1204
Throw: Throwing net      |     3 |     4 |     1 |       ||     8
       Stone             |       |     1 |       |       ||     1
       Tomahawk          |       |       |       |    12 ||    12
Invok: Call Merchant     |       |       |     1 |     1 ||     2
       Potion Petition   |       |       |       |     1 ||     1
  Use: Scroll            |       |     9 |     8 |    13 ||    30
       Potion            |       |       |     2 |     1 ||     3
 Stab: Held in net/web   |       |     1 |     1 |       ||     2
       Distracted        |       |       |     3 |       ||     3
  Eat: Chunk             |     2 |     1 |       |       ||     3
       Meat ration       |       |     1 |     2 |     1 ||     4
       Pizza             |       |     1 |     1 |       ||     2
       Fruit             |       |     3 |     3 |     4 ||    10
       Beef jerky        |       |       |     3 |       ||     3
       Bread ration      |       |       |     2 |     3 ||     5
Armor: Leather armour    |    21 |       |       |       ||    21
       Ring mail         |     9 |    79 |    42 |       ||   130
       Chain mail        |       |       |   115 |    19 ||   134
       Scale mail        |       |       |       |    75 ||    75
Dodge: Dodged            |    80 |   124 |   124 |   101 ||   429
Block: Other             |       |       |    49 |       ||    49
       Reflection        |       |       |     1 |     1 ||     2
       Buckler           |       |       |    13 |   149 ||   162
